 Dungeon Crawl Stone Soup version 0.16-a0-2652-gd333f3b (webtiles) character file.

59 RobertPalmer the Chiller (level 4, 8/27 HPs)
             Began as an Octopode Ice Elementalist on Nov 23, 2014.
             Quit the game on level 3 of the Dungeon.
             The game lasted 00:03:11 (2362 turns).

RobertPalmer the Chiller (OpIE)                     Turns: 2362, Time: 00:03:11

Health: 8/27       AC:  1    Str:  7    XL:     4   Next: 3%
Magic:  7/7        EV: 12    Int: 17    God:
Gold:   147        SH:  0    Dex: 13    Spells: 2 memorised, 3 levels left

rFire  . . .     SeeInvis .     a - +4 quarterstaff
rCold  . . .     Clarity  .     (no shield)
rNeg   . . .     SustAb   .     (helmet restricted)
rPois  .         Gourm    .     (no amulet)
rElec  .         Spirit   .     (no ring)
rCorr  .         Warding  .     (no ring)
rMut   .         Stasis   .     (no ring)
MR     .....                    (no ring)
Stlth  +++.......               (no ring)
                                (no ring)
                                (no ring)
                                (no ring)

@: not resistant to hostile enchantments, fairly stealthy
A: almost no armour, amphibious, 8 rings, constrict 8, camouflage 1, gelatinous
body 1
a: no special abilities


You were on level 3 of the Dungeon.
You were not hungry.

You visited 1 branch of the dungeon, and saw 3 of its levels.

You collected 147 gold pieces.


Innate Abilities, Weirdness & Mutations

You cannot wear most types of armour.
You are amphibious.
You can wear up to eight rings at the same time.
You can use your tentacles to constrict many enemies at once.
Your skin changes colour to match your surroundings (Stealth).
Your rubbery body absorbs attacks (AC +1).


   Skills:
 - Level 2.0 Dodging
 - Level 2.6 Stealth
 - Level 2.0 Spellcasting
   Level 1.0 Conjurations
 + Level 4.8 Ice Magic


You had 3 spell levels left.
You knew the following spells:

 Your Spells              Type           Power        Failure   Level  Hunger
a - Ozocubu's Armour      Chrm/Ice       #.......     24%         3    ###....
z - Freeze                Ice            ###.         2%          1    #......

Inventory:

Hand weapons
 a - a +4 quarterstaff (weapon)
Missiles
 f - 12 poisoned needles
Jewellery
 g - an uncursed amulet of guardian spirit {unknown}
 o - an uncursed amulet of guardian spirit {unknown}
 q - a +5 ring of dexterity {unknown}
Scrolls
 e - a scroll of enchant armour
Potions
 d - a potion of curing {unknown}
 h - 2 potions of poison {unknown}
 i - a potion of cancellation {unknown}
 j - 3 potions of might {unknown}
 k - a potion of beneficial mutation {unknown}
 l - a potion of haste {unknown}
 n - a potion of agility {unknown}
Books
 b - a book of Frost
Comestibles
 c - 2 bread rations
 m - a beef jerky

Dungeon Overview and Level Annotations

Branches:
Dungeon (3/15)

Altars:
Ashenzari
Qazlal

..
#.#.#########
#.
#.#..........
#.#
#.#..########
##.. ##.#..#
...##.....#
#.#.###..#
#..## ##.#
#.รท# #.#
#.@# #.#
#.#.# ..# #.
#.. .# #. ###
. #. #. #. ..
.


There were no monsters in sight!


Message History

The adder is heavily wounded.
You constrict the adder. The adder closely misses you.
You barely miss the adder.
The adder is heavily wounded.
You constrict the adder. The adder barely misses you.
The adder barely misses you.
You barely miss the adder.
The adder is severely wounded.
You constrict the adder. The adder bites you.
* * * LOW HITPOINT WARNING * * *
You are poisoned.
The adder poisons you! The adder barely misses you.
You barely miss the adder.
The adder is almost dead.
You constrict the adder.
You kill the adder!
You have reached level 4!
You feel sick.
You see here an adder corpse.
You feel sick.
You finish butchering the adder corpse.
p - a chunk of flesh {@w1} You see here an adder skeleton.
You feel sick.
Eat a chunk of flesh {@w1}? (ye/n/q/i?)
You feel sick.
You start resting.
You feel sick.
You are no longer poisoned.
Are you sure you want to abandon this character and quit the game? (Confirm with "yes".)

Action                   |  1- 3 |  4- 6 || total
-------------------------+-------+-------++-------
Melee: Unarmed           |    24 |       ||    24
       Quarterstaff      |    39 |       ||    39
 Cast: Freeze            |    12 |       ||    12
  Use: Scroll            |     3 |       ||     3
 Stab: Sleeping          |     6 |       ||     6
  Eat: Chunk             |     4 |     1 ||     5

Vault maps used:
D:1:      co_arrival_square_in_a_square_in_a_square, minmay_door_square
D:2:      grunt_qazlal_sundering, lemuel_crystal_altar, first_bread,
          kennysheep_small_spiral, st_stairs_7

Notes
Turn   | Place    | Note
--------------------------------------------------------------
     0 | D:1      | RobertPalmer, the Octopode Ice Elementalist, began the quest for the Orb.
     0 | D:1      | Reached XP level 1. HP: 11/11 MP: 3/3
   545 | D:1      | Reached XP level 2. HP: 17/17 MP: 4/4
  1522 | D:2      | Found a stormy altar of Qazlal.
  1601 | D:2      | Found a shattered altar of Ashenzari.
  1617 | D:2      | Reached skill level 4 in Ice Magic
  1617 | D:2      | Reached XP level 3. HP: 21/21 MP: 3/6
  1935 | D:2      | Learned a level 3 spell: Ozocubu's Armour
  2347 | D:3      | Reached XP level 4. HP: 12/27 MP: 7/7
  2362 | D:3      | Quit the game

Vanquished Creatures
  2 adders
  A worm (D:2)
  2 orcs (D:3)
  A ball python (D:3)
  5 bats
  2 giant cockroaches (D:2)
  3 goblins
  7 hobgoblins
  A quokka (D:3)
  A giant newt (D:2)
  3 kobolds
  3 rats
31 creatures vanquished.
